 Dungeon Crawl Stone Soup version 0.25-a0-583-g696c2ac64d (webtiles) character file.

Game seed: 8891396002052332578, levelgen mode: deterministic

170 DerDa the Chiller (level 5, 0/35 HPs)
             Began as a Demonspawn Ice Elementalist on Mar 8, 2020.
             Slain by Grinder (4 damage)
             ... on level 4 of the Dungeon.
             The game lasted 00:05:56 (2707 turns).

DerDa the Chiller (Demonspawn Ice Elementalist)     Turns: 2707, Time: 00:05:57

Health: 0/35       AC:  2    Str:  8    XL:     5   Next: 25%
Magic:  10/10      EV: 12    Int: 17    God:
Gold:   121        SH:  0    Dex: 14    Spells: 4/11 levels left

rFire    . . .     SeeInvis .   q - -3 long sword (curse)
rCold    . . .     Gourm    .   (no shield)
rNeg     . . .     Faith    .   a - +0 robe
rPois    .         Spirit   .   (no helmet)
rElec    .         Reflect  .   (no cloak)
rCorr    .         Harm     .   (no gloves)
MR       .....                  (no boots)
Stlth    ++........             (no amulet)
HPRegen  0.11/turn              (no ring)
MPRegen  0.12/turn              (no ring)

@: no status effects
A: claws 1, powered by death 1
a: no special abilities


You were on level 4 of the Dungeon.
You were not hungry.

You visited 1 branch of the dungeon, and saw 4 of its levels.

You collected 121 gold pieces.

Inventory:

Hand Weapons
 d - a +0 club
 h - a +0 short sword
 q - a cursed -3 long sword (weapon)
Missiles
 j - 133 stones (quivered)
Armour
 a - a +0 robe (worn)
Jewellery
 n - an uncursed ring of fire {unknown}
Scrolls
 b - a scroll of identify {unknown}
 e - a scroll of enchant armour {unknown}
 f - a scroll of fear
 g - a scroll of remove curse {unknown}
 k - a scroll of enchant weapon {unknown}
 m - 2 scrolls of noise {unknown}
 o - a scroll of teleportation {unknown}
 s - a scroll of random uselessness {unknown}
Potions
 i - 2 potions of curing {unknown}
 l - 2 potions of berserk rage {unknown}
 p - a potion of lignification {unknown}
Comestibles
 c - 6 rations
 r - a chunk of flesh


   Skills:
 - Level 1.7 Dodging
 - Level 1.7 Stealth
 * Level 3.8 Spellcasting
 * Level 4.9 Ice Magic


You had 4 spell levels left.
You knew the following spells:

 Your Spells              Type           Power        Failure   Level  Hunger
a - Freeze                Ice            ###.         1%          1    None
b - Frozen Ramparts       Ice            ###...       6%          3    ###....
c - Ozocubu's Armour      Chrm/Ice       ##......     17%         3    ###....

Your spell library contained the following spells:

 Spells                   Type           Power        Failure   Level  Hunger
 Hailstorm                Conj/Ice       ##......     50%         4    ####...
 Summon Ice Beast         Ice/Summ       ##......     50%         4    ####...


Dungeon Overview and Level Annotations

Branches:
Dungeon (4/15)
 Temple: D:4-7

Altars:
Dithmenos
Nemelex Xobeh
Ru
Vehumet
Wu Jian
Xom

Annotations:
D:4 Eustachio, Grinder


Innate Abilities, Weirdness & Mutations

You have sharp fingernails.
You regenerate a little health from kills.


Message History

j - 133 stones (gained 22)
You now have 121 gold pieces (gained 18).
Found a scale mail.
Grinder is too close now for your liking.
You see here 17 gold pieces.
Grinder gestures at you.
You suddenly lose the ability to move!
Eustachio the Magnificent comes into view.
He is wielding a -2 rapier.
Grinder hits you! Grinder hits you.
You writhe in agony.
Grinder hits you but does no damage.
You can move again.
Unknown command.
Grinder hits you!
* * * LOW HITPOINT WARNING * * *
You writhe in agony.
* * * LOW HITPOINT WARNING * * *
There is a stone staircase leading up here.
Grinder hits you.
You die...

#.[. #.#........# #
##..####.#........#
#.#...##...#........#
#.#...##.#.'........#
#........#.#........#
###..##....#......####
#.........@#...>.....#
#....##..###.........#
#.$...5@.............#
#.......###..........#
#.......###..........#
#.......+........[...#
####....##.....#######
#....+......#
#....##.#...#
#######.##### #.#


You could see Eustachio and Grinder.

Vanquished Creatures
  2 hounds (D:4)
  2 adders
  3 gnolls
  A howler monkey skeleton (D:4)
  A shadow imp (D:3)
  An ooze (D:1)
  A worm (D:3)
  A dart slug (D:1)
  3 ball pythons
  2 bats (D:1)
  4 giant cockroaches
  4 goblins
  5 hobgoblins
  2 kobolds
  A frilled lizard (D:4)
  6 rats
39 creatures vanquished.

Notes
Turn   | Place    | Note
-------+----------+-------------------------------------------
     0 | D:1      | DerDa the Demonspawn Ice Elementalist began the quest for
                  | the Orb.
     0 | D:1      | Reached XP level 1. HP: 13/13 MP: 3/3
   252 | D:1      | Gained mutation: You regenerate a little health from kills.
                  | [demonic ancestry]
   252 | D:1      | Reached XP level 2. HP: 19/19 MP: 3/5
   429 | D:1      | Reached skill level 4 in Ice Magic
   770 | D:1      | Reached XP level 3. HP: 10/24 MP: 1/7
  1400 | D:2      | Gained mutation: You have sharp fingernails. [demonic
                  | ancestry]
  1400 | D:2      | Reached XP level 4. HP: 30/30 MP: 6/8
  1508 | D:2      | Learned a level 3 spell: Frozen Ramparts
  1512 | D:2      | Learned a level 3 spell: Ozocubu's Armour
  2129 | D:3      | Found a shadowy altar of Dithmenos.
  2131 | D:3      | Found a sparkling altar of Nemelex Xobeh.
  2131 | D:3      | Found a shimmering altar of Xom.
  2131 | D:3      | Found an ornate altar of the Wu Jian Council.
  2131 | D:3      | Found a sacrificial altar of Ru.
  2132 | D:3      | Found a radiant altar of Vehumet.
  2320 | D:4      | Noticed Grinder
  2385 | D:4      | Reached XP level 5. HP: 20/35 MP: 5/10
  2698 | D:4      | Paralysed by Grinder for 6 turns
  2699 | D:4      | Noticed Eustachio
  2707 | D:4      | Slain by Grinder

Levels and vault maps discovered:
D:1:      lemuel_arrival_funnel, layout_loops_ring
D:2:      layout_basic, serial_bayou_pond_c
D:3:      layout_loops_ring, grunt_temple_overflow_open, first_ration
D:4:      layout_basic, uniq_grinder, uniq_eustachio

Skill      XL: |  1  2  3 |
---------------+----------+-----
Ice Magic      | 4 |  4.9
Spellcasting   | 3 |  3.8
Dodging        | |  1.7
Stealth        | |  1.7

Action                   |  1- 3 |  4- 6 || total
-------------------------+-------+-------++-------
Melee: Club              |     3 |       ||     3
       Short sword       |     5 |     9 ||    14
       Long sword        |       |    13 ||    13
 Cast: Freeze            |    44 |    32 ||    76
       Ozocubu's Armour  |       |     1 ||     1
       Frozen Ramparts   |       |     1 ||     1
  Use: Scroll            |       |     1 ||     1
  Eat: Chunk             |     1 |     2 ||     3
       Ration            |       |     1 ||     1
Armor: Robe              |     7 |     8 ||    15
Dodge: Dodged            |    24 |    39 ||    63
       Rpst.: Long sword |       |     9 ||     9

Table legend:
 A = Non-vault XP
 B = Vault XP
 C = Vault XP percentage of total XP
 D = Non-vault monster count
 E = Vault monster count
 F = Vault count percentage of total count
                 A         B        C        D         E       F
            +---------+---------+-------+---------+---------+-------
      Total |     243 |       0 |   0.0 |      39 |       0 |   0.0
            +---------+---------+-------+---------+---------+-------
        D:1 |      47 |       0 |   0.0 |      16 |       0 |   0.0
        D:2 |      51 |       0 |   0.0 |       8 |       0 |   0.0
        D:3 |      27 |       0 |   0.0 |       8 |       0 |   0.0
        D:4 |     118 |       0 |   0.0 |       7 |       0 |   0.0
            +---------+---------+-------+---------+---------+-------
